 Dungeon Sprint DCSS version 0.28.0-53-g5a82cb258f (webtiles) character file.

Game seed: 2009014129042323028

1988 Zeld the Severer (level 9, -22/89 HPs)
             Began as a Minotaur Berserker on June 14, 2022.
             Was an Elder of Trog.
             Annihilated by a boulder beetle (60 damage)
             ... in the Dungeon (Sprint IX: "|||||||||||||||||||||||||||||").
             The game lasted 00:00:59 (1449 turns).

Zeld the Severer (Minotaur Berserker)               Turns: 1449, Time: 00:00:59

Health: -22/89     AC:  4    Str: 26    XL:     9   Next: 1%
Magic:  8/8        EV: 15    Int:  4    God:    Trog [****..]
Gold:   0          SH:  0    Dex: 10    Spells: 8/8 levels left

rFire   . . .      SeeInvis .   a - +0 hand axe
rCold   . . .      Faith    .   (no shield)
rNeg    . . .      Spirit   .   b - +0 animal skin
rPois   .          Reflect  .   (helmet restricted)
rElec   .          Harm     .   (no cloak)
rCorr   .          Rampage  .   (no gloves)
Will    .....      NoTele   +   m - +0 pair of boots
Stlth   +.........              (no amulet)
HPRegen 0.24/turn               (no ring)
MPRegen 0.11/turn               (no ring)

@: on berserk cooldown, slowed, very slow
A: horns 2, retaliatory headbutt
a: Renounce Religion, Berserk, Trog's Hand, Brothers in Arms


You were in the Dungeon.
You worshipped Trog.
Trog was greatly pleased with you.
You visited 1 branch

Inventory:

Hand Weapons
 a - a +0 hand axe (weapon)
Armour
 b - a +0 animal skin (worn)
 m - a +0 pair of boots (worn)
Jewellery
 k - a +3 ring of dexterity
 l - a +2 ring of protection
Wands
 j - a wand of acid (10)
Scrolls
 h - 2 scrolls of blinking
Potions
 c - 5 potions of curing
 e - a potion of haste
 f - 4 potions of magic
 g - a potion of berserk rage
 i - a potion of invisibility


   Skills:
 + Level 11.5 Fighting
 * Level 15.5 Axes
 + Level 11.2 Armour
 + Level 10.2 Dodging


You had 8 spell levels left.
You didn't know any spells.
Your spell library was empty.

Dungeon Overview and Level Annotations

Branches:
Dungeon (1/1)

Altars:
Cheibriados
Dithmenos
Elyvilon
Fedhas
Gozag
Hepliaklqana
Kikubaaqudgha
Makhleb
Nemelex Xobeh
Okawaru
Qazlal
Ru
Sif Muna
Trog
Uskayaw
Vehumet
Wu Jian
Xom
Yredelemnul
Zin
The Shining One
Beogh
Jiyva
Lugonu


Innate Abilities, Weirdness & Mutations

You have a pair of horns on your head.
You reflexively headbutt those who attack you in melee.


Message History

You slash the vampire mosquito!
You destroy the vampire mosquito!
Trog accepts your kill.
The boulder beetle stops rolling and uncurls.
Your Armour skill increases to level 11!
Unknown command.
You slash the acid dragon! Your headbutt misses the acid dragon.
The acid dragon is moderately wounded.
The boulder beetle curls into a ball and begins rolling!
The acid dragon completely misses you. The acid dragon claws you.
You slash the acid dragon! You headbutt the acid dragon.
The acid dragon is almost dead.
The boulder beetle stops rolling and uncurls.
The acid dragon bites you. The acid dragon barely misses you.
Unknown command.
You are too injured to fight recklessly!
You hit the acid dragon.
You kill the acid dragon!
Trog accepts your kill.
The acid dragon scales are intact enough to wear.
You have reached level 9!
Your experience leads to an increase in your attributes!
Increase (S)trength, (I)ntelligence, or (D)exterity?
You feel stronger. x2
It's broken and can't be closed.
Okay, then.
Your ogre goes berserk!
Trog will no longer gift you weapons. The boulder beetle closely misses you.
You swap places.
Your ogre hits the boulder beetle with a +0 giant spiked club!!
The boulder beetle bites your ogre!
Your ogre hits the boulder beetle with a +0 giant spiked club!
The boulder beetle bites your ogre!!
Your ogre dies!
Your ogre's corpse disappears in a puff of smoke!
The boulder beetle curls into a ball and begins rolling!
The boulder beetle hits you!!!
Ouch! That really hurt!
You die...

▓.▓
▓.▓
▓.▓
▓.▓
▓.▓
▓[▓
▓○▓
▓B▓
▓@▓
▓.▓
▓.▓
▓.▓
▓)▓
▓[▓
▓.▓
▓.▓
▓[▓


You could see a boulder beetle (rolling).

Vanquished Creatures
  A cyclops (D)
  A manticore (D)
  A meliai (D)
  A wyvern (D)
  2 yaks (D)
  A steam dragon (D)
  A vampire mosquito (D)
  An acid dragon (D)
  A sky beast (D)
  A scorpion (D)
  An iguana (D)
  An orc wizard (D)
  An adder (D)
  An adder zombie (D)
  An endoplasm (D)
  A jackal (D)
  A quokka (D)
  A bat (D)
  A kobold (D)
  A rat (D)
21 creatures vanquished.

Notes
Turn   | Place    | Note
-------+----------+-------------------------------------------
     0 | D        | Zeld the Minotaur Berserker began the quest for the Orb.
     0 | D        | Reached XP level 1. HP: 19/19 MP: 0/0
     5 | D        | Reached skill level 4 in Axes
    13 | D        | Reached ** piety under Trog
    13 | D        | Banished a spatial maelstrom
   367 | D        | Noticed a sky beast
   367 | D        | Noticed a scorpion
   367 | D        | Noticed an iguana
   371 | D        | Killed an iguana
   372 | D        | Reached skill level 5 in Axes
   372 | D        | Reached XP level 2. HP: 28/28 MP: 1/1
   372 | D        | Reached XP level 3. HP: 35/35 MP: 2/2
   373 | D        | Killed a scorpion
   373 | D        | Reached *** piety under Trog
   374 | D        | Reached skill level 5 in Fighting
   374 | D        | Reached skill level 7 in Axes
   374 | D        | Reached skill level 5 in Armour
   374 | D        | Reached XP level 4. HP: 44/44 MP: 3/3
   389 | D        | Killed a sky beast
   390 | D        | Reached skill level 9 in Axes
   390 | D        | Reached skill level 5 in Dodging
   390 | D        | Reached XP level 5. HP: 39/52 MP: 4/4
   960 | D        | Found a snail-covered altar of Cheibriados.
   960 | D        | Found a shadowy altar of Dithmenos.
   960 | D        | Found a white marble altar of Elyvilon.
   960 | D        | Found a blossoming altar of Fedhas.
   960 | D        | Found an opulent altar of Gozag.
   966 | D        | Found a hazy altar of Hepliaklqana.
   967 | D        | Found a viscous altar of Jiyva.
   968 | D        | Found an ancient bone altar of Kikubaaqudgha.
   969 | D        | Found a corrupted altar of Lugonu.
   970 | D        | Found a burning altar of Makhleb.
   971 | D        | Found a sparkling altar of Nemelex Xobeh.
   972 | D        | Found an iron altar of Okawaru.
   973 | D        | Found a stormy altar of Qazlal.
   974 | D        | Found a sacrificial altar of Ru.
   975 | D        | Found a shimmering blue altar of Sif Muna.
   976 | D        | Found a bloodstained altar of Trog.
   977 | D        | Found a hide-covered altar of Uskayaw.
   990 | D        | Found a radiant altar of Vehumet.
  1001 | D        | Found an ornate altar of the Wu Jian Council.
  1002 | D        | Found a shimmering altar of Xom.
  1003 | D        | Found a basalt altar of Yredelemnul.
  1004 | D        | Found a glowing silver altar of Zin.
  1005 | D        | Found a glowing golden altar of the Shining One.
  1029 | D        | Noticed a wyvern
  1029 | D        | Noticed a yak
  1029 | D        | Noticed a yak
  1029 | D        | Noticed a steam dragon
  1036 | D        | Killed a steam dragon
  1037 | D        | Reached skill level 10 in Axes
  1037 | D        | Reached XP level 6. HP: 61/61 MP: 5/5
  1039 | D        | Reached **** piety under Trog
  1043 | D        | Killed a yak
  1044 | D        | Reached skill level 11 in Axes
  1047 | D        | Killed a yak
  1048 | D        | Reached skill level 12 in Axes
  1048 | D        | Reached XP level 7. HP: 70/70 MP: 6/6
  1052 | D        | Killed a wyvern
  1053 | D        | Reached skill level 13 in Axes
  1054 | D        | Reached ***** piety under Trog
  1401 | D        | Noticed a vampire mosquito
  1401 | D        | Noticed a boulder beetle
  1401 | D        | Noticed a cyclops
  1401 | D        | Noticed a meliai
  1401 | D        | Noticed a manticore
  1409 | D        | Killed a manticore
  1410 | D        | Reached skill level 10 in Fighting
  1410 | D        | Reached skill level 10 in Armour
  1410 | D        | Reached XP level 8. HP: 80/80 MP: 7/7
  1413 | D        | Killed a meliai
  1413 | D        | Received a gift from Trog
  1414 | D        | Reached skill level 14 in Axes
  1414 | D        | HP: 4/121 [cyclops/large rock (44)]
  1429 | D        | Killed a cyclops
  1430 | D        | Reached skill level 15 in Axes
  1430 | D        | Reached skill level 10 in Dodging
  1446 | D        | Reached XP level 9. HP: 37/89 MP: 8/8
  1449 | D        | Annihilated by a boulder beetle

Illustrated notes

Levels and vault maps discovered:
D:        linesprint [early_d, line_temple, items_1, d_10, items_2, lair_1,
          lair_end, items_3, orc_1, orc_end, items_4, d_15, swamp_1, shoals_1,
          snake_1, spider_1, d_20, vaults_1, items_5, swamp_end, shoals_end,
          snake_end, spider_end, vaults_end, d_27, items_6, zot_1, zot_end,
          crypt_end, forest_end, elf_end, slime_end, tomb_end, abyss_end,
          pan_hell_end]

Skill      XL: |  1  2  3  4  5  6  7  8 |
---------------+-------------------------+-----
Axes           | 5 7 9 10 12 13 15 | 15.5
Fighting       | 4 5 7 8 9 10 11 | 11.5
Armour         | 4 5 6 7 8 10 11 | 11.2
Dodging        | 3 4 5 6 8 9 10 | 10.2

Action                   |  1- 3 |  4- 6 |  7- 9 || total
-------------------------+-------+-------+-------++-------
Melee: Hand axe          |    16 |    31 |    37 ||    84
       Headbutt          |     3 |     2 |    11 ||    16
       Punch             |       |     1 |       ||     1
Invok: Berserk           |     1 |     2 |     1 ||     4
       Brothers in Arms  |       |       |     1 ||     1
  Use: Potion            |       |       |     3 ||     3
Armor: Animal skin       |     2 |     4 |     2 ||     8
Dodge: Dodged            |    11 |     7 |    22 ||    40
